 Dungeon Crawl Stone Soup version 0.29.1-13-g9f3cf754e1 (webtiles) character file.

Game seed: 6258777471266088997

2 booth the Sneak (level 1, -1/20 HPs)
             Began as a Gnoll Wanderer on Jan 30, 2023.
             Slain by an endoplasm (2 damage)
             ... on level 1 of the Dungeon.
             The game lasted 00:01:00 (63 turns).

booth the Sneak (Gnoll Wanderer)                      Turns: 63, Time: 00:01:01

Health: -1/20      AC:  2    Str:  9    XL:     1   Next: 30%
Magic:  4/4        EV: 10    Int: 14    God:
Gold:   0          SH:  4    Dex: 10    Spells: 4/5 levels left

rFire   . . .      SeeInvis .   a - +0 dagger
rCold   . . .      Faith    .   d - +0 buckler
rNeg    . . .      Spirit   .   f - +0 robe
rPois   .          Reflect  .   (no helmet)
rElec   .          Harm     .   (no cloak)
rCorr   .          Rampage  .   (no gloves)
Will    .....                   (no boots)
Stlth   +++.......              (no amulet)
HPRegen 0.06/turn               (no ring)
MPRegen 0.09/turn               (no ring)

@: no status effects
A: fangs 1, strong nose, distributed training
a: no special abilities


You were on level 1 of the Dungeon.
You visited 1 branch of the dungeon, and saw 1 of its levels.

Inventory:

Hand Weapons
 a - a +0 dagger (weapon)
 g - a +0 mace
Missiles
 b - 2 atropa-tipped darts (quivered)
 c - a datura-tipped dart
Armour
 d - a +0 buckler (worn)
 f - a +0 robe (worn)
Potions
 e - a potion of lignification


   Skills:
 + Level 4.4 Fighting
 + Level 0.0 Short Blades
 + Level 0.0 Long Blades
 + Level 0.0 Axes
 + Level 0.0 Maces & Flails
 + Level 0.0 Polearms
 + Level 0.0 Staves
 + Level 0.0 Ranged Weapons
 + Level 2.3 Throwing
 + Level 0.0 Armour
 + Level 0.0 Dodging
 + Level 5.8 Stealth
 + Level 2.3 Shields
 + Level 0.0 Unarmed Combat
 + Level 2.6 Spellcasting
 + Level 0.0 Conjurations
 + Level 3.6 Hexes
 + Level 0.0 Summonings
 + Level 0.0 Necromancy
 + Level 0.0 Translocations
 + Level 0.0 Transmutations
 + Level 0.0 Fire Magic
 + Level 0.0 Ice Magic
 + Level 0.0 Air Magic
 + Level 0.0 Earth Magic
 + Level 0.0 Poison Magic
 + Level 0.1 Invocations
 + Level 0.0 Evocations


You had 4 spell levels left.
You knew the following spells:

 Your Spells              Type           Power      Damage    Failure   Level
a - Slow                  Hex            48%        N/A       7%          1

Your spell library contained the following spells:

 Spells                   Type           Power      Damage    Failure   Level
 Summon Guardian Golem    Hex/Summ       7%         N/A       38%         3


Dungeon Overview and Level Annotations

Branches:
Dungeon (1/15)

Altars:


Innate Abilities, Weirdness & Mutations

You have very sharp teeth.
Your uncanny sense of smell can sniff out nearby items.
Your experience applies equally to all skills.


Message History

The kobold shouts!
The endoplasm quivers.
The kobold hits you with a +0 whip.
You barely miss the kobold.
The kobold shouts!
The kobold hits you with a +0 whip.
You hit the kobold but do no damage. You closely miss the kobold.
The kobold hits you with a +0 whip.
You closely miss the kobold. The endoplasm barely misses you.
The kobold hits you but does no damage.
You hit the kobold but do no damage.
The endoplasm hits you but does no damage.
The kobold barely misses you.
You hit the kobold but do no damage. The kobold barely misses you.
The endoplasm freezes you.
You are frozen.
You hit the kobold.
The kobold is severely wounded.
You block the endoplasm's attack. The kobold barely misses you.
You hit the kobold.
You kill the kobold!
The endoplasm hits you. The endoplasm closely misses you.
Things that are here:
a +0 whip; 5 stones; a kobold corpse The endoplasm attacks as you move away!
The endoplasm hits you.
You hit the endoplasm.
The endoplasm is moderately wounded.
The endoplasm hits you.
* * * LOW HITPOINT WARNING * * *
You completely miss the endoplasm.
The endoplasm is moderately wounded.
The endoplasm hits you but does no damage.
You hit the endoplasm but do no damage.
The endoplasm is moderately wounded.
The endoplasm freezes you.
You are frozen.
* * * LOW HITPOINT WARNING * * *
The endoplasm hits you.
You die...

#§....§§§#
#≈....§§§#
#8....§§8# #
#####''###### .#
#...........# ###.
#..######...# #..
#...........# #.#
#########...####.#
# ##.....@.# .#
#######J#.###.#
#K......#
###.##### .# # ∆


You could see an endoplasm and a kobold.

Vanquished Creatures
  A bat (D:1)
  A kobold (D:1)
2 creatures vanquished.

Notes
Turn   | Place    | Note
-------+----------+-------------------------------------------
     0 | D:1      | booth the Gnoll Wanderer began the quest for the Orb.
     0 | D:1      | booth set off with the following items: a +0 dagger, 2
                  | atropa-tipped darts, a datura-tipped dart, a +0 buckler, a
                  | potion of lignification, a +0 robe; and the following spell
                  | memorised: Slow; and the following spells available to
                  | memorise: Summon Guardian Golem.
     0 | D:1      | Reached XP level 1. HP: 20/20 MP: 4/4
    62 | D:1      | HP: 1/20 [frozen (4)]
    63 | D:1      | Slain by an endoplasm

Illustrated notes

Levels and vault maps discovered:
D:1:      lightli_arrival_noodles, layout_loops_cross, serial_park_tiny_pond

Action                   || total
-------------------------++-------
Melee: Dagger            ||    12
 Stab: Sleeping          ||     1
Armor: Robe              ||     3
Dodge: Dodged            ||     5
Block: Buckler           ||     1
